 Dungeon Crawl Stone Soup version 0.27-a0-604-g29a88b33a7 (webtiles) character file.

Game seed: 7722310840543570167

200 Shayle the Skirmisher (level 5, -2/41 HPs)
             Began as a Demonspawn Warper on Mar 12, 2021.
             Slain by Natasha (5 damage)
             ... on level 3 of the Dungeon.
             The game lasted 00:06:55 (3845 turns).

Shayle the Skirmisher (Demonspawn Warper)           Turns: 3845, Time: 00:06:57

Health: -2/41      AC:  3    Str: 12    XL:     5   Next: 48%
Magic:  8/8        EV: 12    Int: 14    God:
Gold:   117        SH:  0    Dex: 13    Spells: 3/8 levels left

rFire    . . .     SeeInvis .   l - +3 dagger
rCold    . . .     Faith    .   (no shield)
rNeg     . . .     Spirit   .   b - +0 leather armour
rPois    .         Reflect  .   (helmet restricted)
rElec    .         Harm     .   (no cloak)
rCorr    .         Rampage  .   (no gloves)
Will     .....                  (no boots)
Stlth    +.........             (no amulet)
HPRegen  0.13/turn              (no ring)
MPRegen  0.11/turn              (no ring)

@: slowed, very slow
A: horns 1, powered by pain 2
a: no special abilities


You were on level 3 of the Dungeon.
You visited 1 branch of the dungeon, and saw 3 of its levels.

You collected 117 gold pieces.

Inventory:

Hand Weapons
 a - a +0 falchion
 l - a +3 dagger (weapon)
Missiles
 e - 5 boomerangs of dispersal (quivered)
Armour
 b - a +0 leather armour (worn)
Jewellery
 i - an amulet of faith
Scrolls
 d - 2 scrolls of blinking
 g - 2 scrolls of identify {unknown}
 j - a scroll of magic mapping {unknown}
 n - a scroll of teleportation {unknown}
 p - a scroll of fog {unknown}
 r - a scroll of enchant weapon {unknown}
Potions
 c - a potion of flight {unknown}
 f - 2 potions of brilliance
 h - a potion of heal wounds
 k - a potion of ambrosia {unknown}
 m - a potion of attraction {unknown}
 o - a potion of mutation {unknown}
 q - a potion of haste {unknown}


   Skills:
 + Level 3.2 Fighting
 + Level 2.9 Long Blades
 - Level 0.8 Throwing
 + Level 2.5 Armour
 + Level 3.0 Dodging
 - Level 2.0 Spellcasting
 - Level 2.6 Translocations


You had 3 spell levels left.
You knew the following spells:

 Your Spells              Type           Power      Damage    Failure   Level
a - Blink                 Tloc           N/A        N/A       16%         2
b - Teleport Other        Tloc           8%         N/A       30%         3

Your spell library contained the following spells:

 Spells                   Type           Power      Damage    Failure   Level
 Gell's Gravitas          Tloc           4%         N/A       30%         3
 Lesser Beckoning         Tloc           4%         N/A       30%         3
 Manifold Assault         Tloc           8%         N/A       69%         4


Dungeon Overview and Level Annotations

Branches:
Dungeon (3/15)

Altars:
Dithmenos
Trog
Xom

Annotations:
D:3 Natasha


Innate Abilities, Weirdness & Mutations

You have a pair of small horns on your head.
You sometimes gain power by taking damage.


Message History

Natasha, Servant of Life and Death comes into view.
Natasha hisses angrily.
Natasha casts a spell.
Natasha casts a spell at you. The magic dart hits you.
You hit Natasha. You headbutt Natasha, but do no damage.
Natasha is lightly wounded.
Natasha closely misses you.
You hit Natasha but do no damage.
Natasha is lightly wounded.
Natasha casts a spell at you. The magic dart hits you!
You hit Natasha. You headbutt Natasha, but do no damage.
Natasha is moderately wounded.
Natasha stares at you and mumbles some strange words.
You feel yourself slow down.
You hit Natasha but do no damage.
Natasha is moderately wounded.
Natasha barely misses you.
The crimson imp blinks!
You closely miss Natasha. You headbutt Natasha, but do no damage.
Natasha is moderately wounded.
Natasha misses you. The crimson imp misses you. Natasha claws you!
You hit Natasha.
Natasha is moderately wounded.
The crimson imp misses you. Natasha claws you.
You hit Natasha.
Natasha is severely wounded.
The crimson imp hits you but does no damage.
Natasha casts a spell at you. The magic dart hits you.
The crimson imp closely misses you.
You hit Natasha but do no damage.
Natasha is severely wounded.
Natasha howls an incantation.
Natasha glows brightly for a moment.
Natasha claws you!
* * * LOW HITPOINT WARNING * * *
The crimson imp hits you.
* * * LOW HITPOINT WARNING * * *
Natasha claws you.
You die...

#.# ###.###.#
#.... #.#
#.......# #####
#.#####.#...###
#.........#...#
#.#####.#...#.#
#.# #.##.##.#
#.# #.##.# #
#.. ..##5# #.#
####@# #.# #h#
#.. ... ...##
#####


You could see Natasha and a crimson imp (summoned).

Vanquished Creatures
  Natasha (D:3)
  Terence (D:3)
  5 adders
  3 oozes
  2 worms (D:2)
  4 dart slugs
  A leopard gecko (D:1)
  An orc (D:3)
  A ball python (D:2)
  12 bats
  6 giant cockroaches
  8 goblins
  10 hobgoblins
  5 jackals
  A quokka (D:2)
  3 frilled lizards
  7 kobolds
  6 rats
77 creatures vanquished.

Notes
Turn   | Place    | Note
-------+----------+-------------------------------------------
     0 | D:1      | Shayle the Demonspawn Warper began the quest for the Orb.
     0 | D:1      | Reached XP level 1. HP: 16/16 MP: 3/3
   103 | D:1      | Reached skill level 1 in Armour
   251 | D:1      | Gained mutation: You sometimes gain a little power by
                  | taking damage. [demonic ancestry]
   251 | D:1      | Reached XP level 2. HP: 20/22 MP: 5/5
   678 | D:1      | Reached XP level 3. HP: 7/28 MP: 6/6
  2051 | D:2      | Gained mutation: You have a pair of small horns on your
                  | head. [demonic ancestry]
  2051 | D:2      | Reached XP level 4. HP: 33/34 MP: 7/7
  2269 | D:2      | Found a shimmering altar of Xom.
  2269 | D:2      | Found a bloodstained altar of Trog.
  2871 | D:3      | Found a shadowy altar of Dithmenos.
  2883 | D:3      | Learned a level 2 spell: Blink
  2887 | D:3      | Learned a level 3 spell: Teleport Other
  3099 | D:3      | Gained mutation: You sometimes gain power by taking damage.
                  | [demonic ancestry]
  3099 | D:3      | Reached XP level 5. HP: 20/41 MP: 8/8
  3435 | D:3      | Noticed Natasha
  3449 | D:3      | Killed Natasha
  3639 | D:3      | Noticed Terence
  3652 | D:3      | Killed Terence
  3834 | D:3      | Noticed Natasha
  3845 | D:3      | Slain by Natasha

Illustrated notes

Levels and vault maps discovered:
D:1:      matt_arrival_diagonals, layout_basic, serial_glass, glass_columns_b,
          glass_columns_a, dk_noncrumbling_3
D:2:      layout_basic, amethyst_overflow_temple_binary, hangedman_decor_push
D:3:      layout_loops_ring, nicolae_dithmenos_shadow_blocks, uniq_natasha,
          uniq_terence

Skill      XL: |  1  2  3  4  5 |
---------------+----------------+-----
Armour         | 1 2 |  2.5
Long Blades    | 2 |  2.9
Dodging        | 2 3 |  3.0
Fighting       | 3 |  3.2
Throwing       | |  0.8
Spellcasting   | |  2.0
Translocations | |  2.6

Action                   |  1- 3 |  4- 6 || total
-------------------------+-------+-------++-------
Melee: Falchion          |   106 |       ||   106
       Dagger            |    64 |   135 ||   199
       Headbutt          |       |    18 ||    18
  Use: Potion            |       |     2 ||     2
 Stab: Sleeping          |       |     1 ||     1
Armor: Leather armour    |    51 |    33 ||    84
Dodge: Dodged            |   135 |    82 ||   217
       Rpst.: Falchion   |    26 |       ||    26

Table legend: (Time is in decaauts)
 A = Elapsed time spent in this place.
 B = Non-inter-level travel time spent in this place.
 C = Inter-level travel time spent in this place.
 D = Time resting spent in this place.
 E = Time spent auto-exploring this place.
 F = Levels seen in this place.
 G = Mean time per level.
                   A        B        C        D        E       F      G
               +--------+--------+--------+--------+--------+-----+--------+
         Total |   3853 |   3826 |     27 |    704 |   2400 |   3 | 1284.3 |
       Dungeon |   3853 |   3826 |     27 |    704 |   2400 |   3 | 1284.3 |
               +--------+--------+--------+--------+--------+-----+--------+

Top non-repeatable levels by time:
     D:1: 1463 daAuts
     D:2: 1233 daAuts
     D:3: 1156 daAuts
